 Dungeon Crawl Stone Soup version 0.23.2-33-g5129a83184 (webtiles) character file.

Game seed: 17116553310523455526

49 Kold the Insei (level 3, 0/23 HPs)
             Began as an Octopode Transmuter on July 20, 2019.
             Slain by an orc
             ... wielding a +2 dagger of chaos
              (21 damage)
             ... on level 2 of the Dungeon.
             The game lasted 00:02:26 (1623 turns).

Kold the Insei (Octopode Transmuter)                Turns: 1623, Time: 00:02:28

Health: 0/23       AC:  1    Str: 10    XL:     3   Next: 75%
Magic:  5/6        EV: 13    Int: 15    God:
Gold:   126        SH:  0    Dex: 12    Spells: 5/6 levels left

rFire    . . .     SeeInvis .     - Unarmed
rCold    . . .     Gourm    .   (no shield)
rNeg     . . .     Faith    .   (helmet restricted)
rPois    .         Spirit   .   (no amulet)
rElec    .         Reflect  .   (no ring)
rCorr    .         Harm     .   (no ring)
MR       .....                  (no ring)
Stlth    +++.......             (no ring)
HPRegen  0.07/turn              (no ring)
MPRegen  0.10/turn              (no ring)
                                (no ring)
                                (no ring)

@: appendage
A: almost no armour, stealthy swim, amphibious, 8 rings, constrict 8, tentacle
spike 3, camouflage 1, gelatinous body 1
a: End Transformation


You were on level 2 of the Dungeon.
You were not hungry.
One of your tentacles had a temporary spike.
You visited 1 branch of the dungeon, and saw 2 of its levels.

You collected 126 gold pieces.

Inventory:

Missiles
 a - 57 arrows
Scrolls
 b - 2 scrolls of random uselessness {unknown}
 d - a scroll of teleportation {unknown}
 e - 4 scrolls of identify {unknown}
 g - 2 scrolls of remove curse {unknown}
 i - a scroll of enchant armour {unknown}
 j - a scroll of fear {unknown}
 k - a scroll of enchant weapon {unknown}
Potions
 f - a potion of heal wounds {unknown}
 h - a potion of curing {unknown}
Comestibles
 c - 3 rations


   Skills:
 - Level 1.0 Fighting
 + Level 2.5 Dodging
 + Level 2.1 Stealth
 + Level 3.4 Unarmed Combat
 - Level 2.0 Spellcasting
 + Level 2.6 Transmutations


You had 5 spell levels left.
You knew the following spells:

 Your Spells              Type           Power        Failure   Level  Hunger
a - Beastly Appendage     Tmut           #.....       8%          1    #......

Your spell library contained the following spells:

 Spells                   Type           Power        Failure   Level  Hunger
 Sticks to Snakes         Tmut           #.......     12%         2    ###....
 Spider Form              Tmut/Pois      #.........   36%         3    ###....
 Ice Form                 Ice/Tmut       #.......     78%         4    #####..
 Blade Hands              Tmut           #.........   91%         5    ######.


Dungeon Overview and Level Annotations

Branches:
Dungeon (2/15)

Altars:
Trog


Innate Abilities, Weirdness & Mutations

You cannot wear most types of armour.
You are very stealthy in the water. (Stealth+)
You are amphibious.
You can wear up to eight rings at the same time.
You can use your tentacles to constrict eight enemies at once.
Your skin changes colour to match your surroundings (Stealth+).
Your rubbery body absorbs attacks. (AC +1, EV +1)
One of your tentacles bears a large vicious spike.


Message History

Eating a chunk of flesh.
You eat the chunk of flesh.
This raw flesh tastes terrible.
d - a scroll labeled EHOIQO YWADE
There is an open door here.
An orc comes into view. It is wielding a +2 dagger of chaos.
Casting: Beastly Appendage (safe; 8% risk of failure)
Confirm with . or Enter, or press ? or * to list all spells.
One of your tentacles grows a vicious spike.
An orc comes into view. It is wielding a +2 dagger of chaos.
Found 9 gold pieces and a shield.
An orc comes into view. It is wielding a +0 club of chaos.
The orc shouts!
The helpless orc fails to defend itself.
You tentacle-slap the orc. Your grab misses the orc.
Your tentacle spike misses the orc.
The orc is lightly wounded.
The orc hits you with a +2 dagger of chaos.
Space warps horribly around you!!
Ouch! That really hurt!
You die...

#.# #.# #.# ##.##
#....... #.# #.###.#
##.###.≈≈ #....##. ##.#
#.#.#.# ##.##≈ ..
#.....#.
.#.###.....###.###§≈. #
##...##.
.............'.##.#⌠
#.. #....#.
.####.....####.#≈.⌠#..#
#.#..#. .# #.....##
#.#≈...≈≈#. #...... .#
#.....# #.#.$≈#≈[#o
####.## .# #.....#
#.#@o.⌠.≈## #.# .#
##...## #..#⌠.#.#.# #.#
.# ###.# #####o..≈.
####.# .# #.# #.#..#.≈≈
#....# #.# #.# ..#.≈
###### #.# ##⌠ ..#.#
#.# # .#≈. #.# ##### ##
..≈. #.###...#####


You could see 3 orcs.

Vanquished Creatures
  An adder (D:2)
  2 worms (D:2)
  9 bats
  3 giant cockroaches
  5 hobgoblins
  A kobold (D:1)
  A ball python (D:1)
  3 frilled lizards
  5 goblins
  4 rats
34 creatures vanquished.

Notes
Turn   | Place    | Note
-------+----------+-------------------------------------------
     0 | D:1      | Kold the Octopode Transmuter began the quest for the Orb.
     0 | D:1      | Reached XP level 1. HP: 13/13 MP: 3/3
   227 | D:1      | Reached skill level 1 in Stealth
   227 | D:1      | Reached XP level 2. HP: 18/18 MP: 3/5
   911 | D:2      | Reached XP level 3. HP: 23/23 MP: 6/6
  1158 | D:2      | Found a bloodstained altar of Trog.
  1623 | D:2      | Slain by an orc

Skill      XL: |  1  2  3 |
---------------+----------+-----
Stealth        | 1 2 |  2.1
Fighting       | |  1.0
Dodging        | |  2.5
Unarmed Combat | |  3.4
Spellcasting   | |  2.0
Transmutations | |  2.6

Action                   || total
-------------------------++-------
Melee: Unarmed           ||    81
       Constrict         ||    20
       Tentacles         ||    15
       Kick              ||     7
       Punch             ||     2
 Cast: Beastly Appendage ||    19
 Stab: Sleeping          ||     7
  Eat: Chunk             ||     3
Armor: Skin              ||    15
Dodge: Dodged            ||    58
